 Dungeon Crawl Stone Soup version 0.17-a0-1650-gce8475a (webtiles) character file.

112 Strutyk the Cudgeler (level 4, -1/28 HPs)
             Began as a Gargoyle Fighter on Aug 13, 2015.
             Slain by a worker ant (4 damage)
             ... on level 3 of the Dungeon.
             The game lasted 00:08:03 (1890 turns).

Strutyk the Cudgeler (Gargoyle Fighter)             Turns: 1890, Time: 00:08:03

Health: -1/28      AC: 10    Str: 19    XL:     4   Next: 93%
Magic:  4/4        EV:  7    Int:  9    God:
Gold:   91         SH:  9    Dex: 10    Spells: 0 memorised, 3 levels left

rFire  . . .     SeeInvis .     e - +0 mace
rCold  . . .     Clarity  .     b - +0 scale mail
rNeg   + . .     SustAt   .     c - +0 shield
rPois  ∞         Gourm    .     (no helmet)
rElec  +         Spirit   .     (no cloak)
rCorr  .         Warding  .     (no gloves)
rMut   +         Stasis   .     (no boots)
MR     .....                    m - amulet of resist mutation
Stlth  ..........               (no ring)
                                (no ring)

@: not resistant to hostile enchantments, extremely unstealthy
A: negative energy resistance 1, electricity resistance, unbreathing,
petrification resistance, rot immunity, AC +3
a: no special abilities


You were on level 3 of the Dungeon.
You were not hungry.

You visited 1 branch of the dungeon, and saw 3 of its levels.

You collected 91 gold pieces.

Inventory:

Hand weapons
 a - a +0 flail
 e - a +0 mace (weapon)
Armour
 b - a +0 scale mail (worn)
 c - a +0 shield (worn)
Jewellery
 m - an amulet of resist mutation (around neck)
Scrolls
 f - a scroll of enchant weapon {unknown}
 i - 4 scrolls of remove curse {unknown}
 j - 3 scrolls of teleportation {unknown}
 k - a scroll of recharging {unknown}
 l - 2 scrolls of identify {unknown}
 n - a scroll of enchant armour {unknown}
 o - a scroll of magic mapping {unknown}
Potions
 d - a potion of might
 g - a potion of flight {unknown}
Comestibles
 h - a beef jerky
 p - a royal jelly


   Skills:
 - Level 3.2 Fighting
 * Level 4.6 Maces & Flails
 - Level 3.2 Armour
 - Level 1.0 Dodging
 - Level 3.2 Shields


You had 3 spell levels left.
You didn't know any spells.

Dungeon Overview and Level Annotations

Branches:
Dungeon (3/15)

Altars:
Vehumet


Innate Abilities, Weirdness & Mutations

You are resistant to torment.
Your stone body is resilient (AC +3).
You are immune to poison.
You resist negative energy.
You are resistant to electric shocks.
You can survive without breathing.
You are immune to petrification.
You are immune to rotting.


Message History

The worker ant bites you but does no damage.
The worker ant bites you.
* * * LOW HITPOINT WARNING * * *
You barely miss the worker ant.
The worker ant is severely wounded.
The worker ant bites you.
* * * LOW HITPOINT WARNING * * *
You hit the worker ant but do no damage.
The worker ant is severely wounded.
The worker ant bites you but does no damage. x2
You barely miss the worker ant.
The worker ant is severely wounded.
The worker ant bites you but does no damage.
You closely miss the worker ant.
The worker ant is severely wounded.
You block the worker ant's attack.
You hit the worker ant but do no damage.
The worker ant is severely wounded.
The worker ant bites you.
You die...

#.# #.# ### #.#
##.## #.# #...#
... #####.####
#.# #.# #..#.##
#.# #.#
##....###a#
#.####)(.....@#
#..†[..<..#####
######...##
#..## #..# ##.#
#.# ... ...


You could see a worker ant.

Vanquished Creatures
  A scorpion (D:3)
  2 adders (D:2)
  An ooze (D:3)
  A giant gecko (D:1)
  An orc (D:3)
  6 goblins
  3 hobgoblins
  3 jackals (D:2)
  A quokka (D:2)
  A ball python (D:2)
  8 bats
  A giant cockroach (D:2)
  A giant newt (D:2)
  3 kobolds (D:1)
  9 rats
42 creatures vanquished.

Vanquished Creatures (others)
  A bat (D:2)
1 creature vanquished.

Grand Total: 43 creatures vanquished

Notes
Turn   | Place    | Note
--------------------------------------------------------------
     0 | D:1      | Strutyk the Gargoyle Fighter began the quest for the Orb.
     0 | D:1      | Reached XP level 1. HP: 14/14 MP: 1/1
   241 | D:1      | Reached XP level 2. HP: 17/19 MP: 2/2
   753 | D:2      | Reached skill level 1 in Dodging
   753 | D:2      | Reached XP level 3. HP: 15/23 MP: 3/3
  1217 | D:2      | Found a radiant altar of Vehumet.
  1791 | D:3      | Noticed a scorpion
  1812 | D:3      | Reached XP level 4. HP: 28/28 MP: 4/4
  1817 | D:3      | Killed a scorpion
  1817 | D:3      | Reached skill level 4 in Maces & Flails
  1890 | D:3      | Slain by a worker ant

Vault maps used:
D:1:      dpeg_arrival_radiant
D:2:      fiery_altar_vehumet, patterned_corridor
D:3:      lemuel_zombie_altar_yredelemnul, gammafunk_temple_overflow_claw,
          first_bread, grunt_ministairs_15, nrook_loot_triangle, uniq_grinder,
          uniq_natasha, uniq_terence

Action                   |  1- 3 |  4- 6 || total
-------------------------+-------+-------++-------
Melee: Flail             |   165 |     6 ||   171
       Mace              |       |    30 ||    30
  Eat: Bread ration      |     1 |       ||     1
